 Dungeon Crawl Stone Soup version 0.25.1-2-g60ff931df9 (webtiles) character file.

Game seed: 8267718013984220662

53 axecop the Chopper (level 3, 0/29 HPs)
             Began as a Demonspawn Abyssal Knight on Oct 16, 2020.
             Was a Follower of Lugonu.
             Succumbed to a worker ant's poison
             ... on level 2 of the Dungeon.
             The game lasted 00:01:20 (1148 turns).

axecop the Chopper (Demonspawn Abyssal Knight)      Turns: 1148, Time: 00:01:20

Health: 0/29       AC:  3    Str: 13    XL:     3   Next: 64%
Magic:  4/4        EV: 11    Int: 13    God:    Lugonu [*.....]
Gold:   62         SH:  0    Dex: 12    Spells: 2/2 levels left

rFire    . . .     SeeInvis .   a - +1 hand axe
rCold    . . .     Gourm    .   (no shield)
rNeg     . . .     Faith    .   b - +0 leather armour
rPois    .         Spirit   .   (no helmet)
rElec    .         Reflect  .   (no cloak)
rCorr    .         Harm     .   (no gloves)
MR       .....                  (no boots)
Stlth    +.........             e - amulet of magic regeneration
HPRegen  0.09/turn              (no ring)
MPRegen  0.34/turn              (no ring)

@: lethally poisoned (0 -> -5)
A: powered by pain 1
a: Depart the Abyss, Renounce Religion


You were on level 2 of the Dungeon.
You worshipped Lugonu.
Lugonu was aware of your devotion.
You were not hungry.

You visited 1 branch of the dungeon, and saw 2 of its levels.
You visited the Abyss 1 time.

You collected 62 gold pieces.

Inventory:

Hand Weapons
 a - a +1 hand axe (weapon)
 j - a +0 short sword of speed
Missiles
 f - a curare-tipped dart (quivered)
 i - 27 sling bullets
 k - 21 bolts
Armour
 b - a +0 leather armour (worn)
Jewellery
 e - an amulet of magic regeneration (around neck)
 g - an uncursed ring of ice
Scrolls
 d - a scroll of identify
 h - a scroll of magic mapping
Comestibles
 c - 4 rations


   Skills:
 - Level 3.0 Fighting
 + Level 3.7 Axes
 - Level 1.7 Armour
 - Level 0.8 Dodging
 - Level 2.4 Invocations


You had 2 spell levels left.
You didn't know any spells.
Your spell library was empty.

Dungeon Overview and Level Annotations

Branches:
Dungeon (2/15)

Altars:
Dithmenos
Gozag

Shops:
D:2 *


Innate Abilities, Weirdness & Mutations

You sometimes gain a little power by taking damage.


Message History

* * * LOW HITPOINT WARNING * * *
You feel sick.
* * * LOW HITPOINT WARNING * * *
You feel sick. The adder closely misses you.
* * * LOW HITPOINT WARNING * * *
You feel sick.
* * * LOW HITPOINT WARNING * * *
You feel sick. The adder closely misses you.
* * * LOW HITPOINT WARNING * * *
You feel sick.
Unknown command.
Unknown command.
Unknown command.
The adder bites you but does no damage.
Unknown command.
You hit the adder.
The adder is moderately wounded.
You die...

( ########## .
##########........#### .
..............#.......
.###
#########.#########.####
... ........#.# #.#
.?####.# #######.#.# #.#
.......# #.#.# #.#
.(##############.#.# #.#
......†.....Sl.S@..#######
#.##
.#######.###.###.........#
#..# ### #.# #.#
#########.# ##.# #<# #.#
#(# #[# #.# #.# #.###(##
#.# #.# ##.###.##[..## #.#
#.# ..#.....##.....## #.#
#.# ...)....#......†###
#.# #.#
............_.....#
#.####.#


You could see 2 adders and a frilled lizard.

Vanquished Creatures
  A worker ant (D:2)
  A dart slug (D:2)
  A leopard gecko (D:1)
  A giant cockroach (D:2)
  3 goblins (D:1)
  2 hobgoblins (D:1)
  6 jackals
  A quokka (D:2)
  A bat (D:1)
  5 kobolds
  5 rats (D:2)
27 creatures vanquished.

Notes
Turn   | Place    | Note
-------+----------+-------------------------------------------
     0 | Abyss:1  | axecop the Demonspawn Abyssal Knight began the quest for
                  | the Orb.
     0 | Abyss:1  | Reached XP level 1. HP: 18/18 MP: 2/2
     2 | Abyss:1  | Found a corrupted altar of Lugonu.
    39 | Abyss:1  | Noticed a worldbinder
    42 | Abyss:1  | Noticed a deep elf archer
    42 | D:1      | Escaped the Abyss
   411 | D:1      | Gained mutation: You sometimes gain a little power by
                  | taking damage. [demonic ancestry]
   411 | D:1      | Reached XP level 2. HP: 24/24 MP: 3/3
   883 | D:2      | Found an opulent altar of Gozag.
   887 | D:2      | Found Gozag's Platinum Reserve.
   937 | D:2      | Reached * piety under Lugonu
  1031 | D:2      | Reached XP level 3. HP: 26/29 MP: 4/4
  1076 | D:2      | Found a shadowy altar of Dithmenos.
  1143 | D:2      | HP: 1/29 [poisoned by a worker ant]
  1148 | D:2      | Succumbed to a worker ant's poison

Illustrated notes

Levels and vault maps discovered:
D:1:      lemuel_arrival_broad_hall, layout_rooms
D:2:      layout_loops_ring, lemuel_round_altar, nicolae_gozag_zags_fifth_avenue

Skill      XL: |  1  2 |
---------------+-------+-----
Axes           | 2 3 |  3.7
Fighting       | |  3.0
Armour         | |  1.7
Dodging        | |  0.8
Invocations    | |  2.4

Action                   || total
-------------------------++-------
Melee: Hand axe          ||    61
Throw: Dart              ||     1
Invok: Depart the Abyss  ||     1
  Use: Scroll            ||     2
  Eat: Chunk             ||     1
Armor: Leather armour    ||    20
Dodge: Dodged            ||    58
